 Dungeon Crawl Stone Soup version 0.30.1-4-g462c640d31 (webtiles) character file.

Game seed: 7660909196452734542

381 safid the Chiller (level 6, -6/48 HPs)
             Began as a Merfolk Ice Elementalist on Sept 14, 2023.
             Was a Follower of Vehumet.
             Splashed by a jelly's acid (8 damage)
             ... on level 4 of the Dungeon.
             The game lasted 00:03:50 (2839 turns).

safid the Chiller (Merfolk Ice Elementalist)        Turns: 2839, Time: 00:03:51

Health: -6/48      AC:  0    Str:  8    XL:     6   Next: 75%
Magic:  5/12       EV: 12    Int: 17    God:    Vehumet [*.....]
Gold:   156        SH:  0    Dex: 14    Spells: 6/13 levels left

rFire   . . .        j - +2 dagger (venom)
rCold   . . .        (no shield)
rNeg    . . .        a - +0 robe
rPois   .            (no helmet)
rElec   .            k - +0 cloak
rCorr   .            c - +0 pair of gloves
SInv    .            l - +0 pair of boots
Will    .....        (no amulet)
Stlth   ++           (no ring)
HPRegen 0.28/turn    (no ring)
MPRegen 0.13/turn

%: no passive effects
@: lethally poisoned (-6 -> -8), ice-armoured, corroded
A: (nimble swimmer 2), mertail
a: Renounce Religion


You were on level 4 of the Dungeon.
You worshipped Vehumet.
Vehumet was aware of your devotion.
You visited 1 branch of the dungeon, and saw 4 of its levels.

You collected 156 gold pieces.

Inventory:

Hand Weapons
 j - a +2 dagger of venom (weapon)
Armour
 a - a +0 robe (worn)
 c - a +0 pair of gloves (worn)
 k - a +0 cloak (worn)
 l - a +0 pair of boots (worn)
Scrolls
 e - a scroll of teleportation {unknown}
 f - 2 scrolls of identify {unknown}
 h - 3 scrolls of enchant armour {unknown}
 i - a scroll of silence {unknown}
 m - a scroll of immolation {unknown}
 n - a scroll of noise {unknown}
 s - a scroll of magic mapping {unknown}
Potions
 b - a potion of magic
 d - 2 potions of heal wounds
 g - a potion of curing {unknown}
 o - a potion of mutation {unknown}
 p - a potion of brilliance {unknown}
 q - a potion of ambrosia {unknown}
 r - a potion of attraction {unknown}


   Skills:
 + Level 3.9 Fighting
 - Level 2.6 Dodging
 - Level 2.1 Stealth
 + Level 4.0 Spellcasting
 + Level 6.1 Ice Magic


You had 6 spell levels left.
You knew the following spells:

 Your Spells              Type           Power      Damage    Failure   Level
a - Freeze                Ice            96%        1d10      1%          1
b - Frozen Ramparts       Ice            48%        1d8       3%          3
c - Ozocubu's Armour      Ice            24%        N/A       3%          3

Your spell library contained the following spells:

 Spells                   Type           Power      Damage    Failure   Level
 Shock                    Conj/Air       12%        1d3       16%         1
 Slow                     Hex            12%        N/A       16%         1
 Summon Ice Beast         Ice/Summ       13%        N/A       41%         4
 Call Canine Familiar     Summ           3%         N/A       43%         3
 Confusing Touch          Hex            3%         N/A       43%         3
 Inner Flame              Hex/Fire       3%         N/A       43%         3
 Portal Projectile        Hex/Tloc       6%         N/A       43%         3
 Vampiric Draining        Necr           3%         2d6       43%         3
 Leda's Liquefaction      Hex/Erth       1%         N/A       83%         4
 Yara's Violent Unravell  Hex/Tmut       1%         3d3       99%         5
 Enfeeble                 Hex            1%         N/A       100%        7


Dungeon Overview and Level Annotations

Branches:
Dungeon (4/15)
 Temple: D:4-7

Altars:
Cheibriados
Kikubaaqudgha
Vehumet
The Shining One


Innate Abilities, Weirdness & Mutations

((You are very nimble when in or above water. (Stealth+, EV+, Speed+++)))
Your lower body shifts to a powerful aquatic tail in water.


Message History

The jelly hits you but does no damage. The orc misses you.
The orc barely misses you.
It was a potion of heal wounds.
You feel much better.
You feel sick.
You kill the orc!
Vehumet accepts your kill. The scorpion closely misses you.
The jelly hits you but does no damage. The orc hits you with a +0 falchion.
Unknown command.
You hit the scorpion but do no damage.
The scorpion looks as sick as possible!
The scorpion is heavily wounded.
You feel sick.
You kill the orc!
Vehumet accepts your kill.
You kill the scorpion!
Vehumet accepts your kill. The jelly hits you.
You are splashed with acid!
* * * LOW HITPOINT WARNING * * *
Your Spellcasting skill increases to level 4!
Your Ice Magic skill increases to level 6!
Unknown command.
You hit the jelly but do no damage. The acid corrodes you!
Your hands burn!
* * * LOW HITPOINT WARNING * * *
You feel sick. The jelly barely misses you.
Unknown command.
You hit the jelly but do no damage.
Your hands burn!
* * * LOW HITPOINT WARNING * * *
You feel sick. The jelly barely misses you.
Unknown command.
You hit the jelly.
Your hands burn!
* * * LOW HITPOINT WARNING * * *
The jelly is lightly wounded.
You feel sick. The jelly closely misses you.
Unknown command.
You hit the jelly but do no damage. The acid corrodes you!
Your hands burn!
* * * LOW HITPOINT WARNING * * *
The jelly is lightly wounded.
You feel sick. The jelly hits you.
* * * LOW HITPOINT WARNING * * *
You are splashed with acid!
You die...

#....#.......$......
#....#[..............
#....................
#....#..(............
#....#...............
#....#...............
###..................
#...........J......
#..........@.......
#.........)).......
#..................
.......$...........
..................
.................
#...............
...............


You could see a jelly.

Vanquished Creatures
  Pargi (D:4)
  2 scorpions (D:4)
  4 gnolls (D:3)
  6 adders
  A dart slug (D:4)
  3 orcs (D:4)
  5 ball pythons
  3 bats
  5 endoplasms
  A giant cockroach (D:2)
  15 goblins
  6 hobgoblins
  7 jackals (D:2)
  2 quokkas
  2 frilled lizards
  8 kobolds
  2 rats
73 creatures vanquished.

Notes
Turn   | Place    | Note
-------+----------+-------------------------------------------
     0 | D:1      | safid the Merfolk Ice Elementalist began the quest for the
                  | Orb.
     0 | D:1      | Reached XP level 1. HP: 13/13 MP: 3/3
   236 | D:1      | Reached XP level 2. HP: 19/20 MP: 3/5
   338 | D:1      | Reached skill level 1 in Fighting
  1231 | D:2      | Reached XP level 3. HP: 22/26 MP: 4/6
  1238 | D:2      | Learned a level 3 spell: Frozen Ramparts
  1737 | D:2      | Reached skill level 5 in Ice Magic
  1737 | D:2      | Reached XP level 4. HP: 29/33 MP: 4/8
  1780 | D:2      | Learned a level 3 spell: Ozocubu's Armour
  2040 | D:3      | Found a radiant altar of Vehumet.
  2043 | D:3      | Found a glowing golden altar of the Shining One.
  2043 | D:3      | Found a snail-covered altar of Cheibriados.
  2043 | D:3      | Found an ancient bone altar of Kikubaaqudgha.
  2050 | D:3      | Became a worshipper of Vehumet
  2398 | D:3      | Reached XP level 5. HP: 39/39 MP: 9/9
  2708 | D:3      | Found a faded altar of an unknown god.
  2800 | D:4      | Noticed Pargi
  2806 | D:4      | Reached * piety under Vehumet
  2806 | D:4      | Offered knowledge of Shock by Vehumet.
  2809 | D:4      | Killed Pargi
  2810 | D:4      | Reached XP level 6. HP: 39/47 MP: 4/11
  2836 | D:4      | Reached skill level 6 in Ice Magic
  2839 | D:4      | HP: 2/48 [jelly (1)]
  2839 | D:4      | Splashed by a jelly's acid

Illustrated notes

Levels and vault maps discovered:
D:1:      eino_arrival_cavern_b, layout_loops_corners
D:2:      layout_loops_ring
D:3:      minmay_wonky_spiral, layout_loops_ring, grunt_temple_overflow_open,
          hellmonk_ecumenical_altar_prayer_group
D:4:      layout_basic, nicolae_ru_sacrificial_ziggurat,
          mainiacjoe_overflow_concentric_impassable, serial_shops,
          nicolae_shop_peninsula, kennysheep_nondescript, uniq_sigmund,
          uniq_pargi

Skill      XL: |  1  2  3  4  5  6 |
---------------+-------------------+-----
Fighting       | 1 2 3 |  3.9
Ice Magic      | 5 6 |  6.1
Spellcasting   | 3 4 |  4.0
Dodging        | |  2.6
Stealth        | |  2.1

Action                     |  1- 3 |  4- 6 || total
---------------------------+-------+-------++-------
  Melee: Short sword       |    60 |       ||    60
         Dagger            |    28 |    91 ||   119
         Trident           |     6 |       ||     6
         Punch             |       |     2 ||     2
   Cast: Freeze            |    25 |     1 ||    26
         Frozen Ramparts   |       |     2 ||     2
         Ozocubu's Armour  |       |     2 ||     2
    Use: Potion            |       |     1 ||     1
   Stab: Sleeping          |     2 |     2 ||     4
 Armour: Robe              |    26 |    36 ||    62
  Dodge: Dodged            |    65 |    70 ||   135
